 Dungeon Crawl Stone Soup version 0.27-a0-151-g9286b66 (webtiles) character file.

Game seed: 5109906502391393143

32 Toastz the Skirmisher (level 3, -1/33 HPs)
             Began as a Palentonga Fighter on Jan 26, 2021.
             Slain by a gnoll
             ... wielding a +0 spear
              (4 damage)
             ... on level 2 of the Dungeon on Jan 27, 2021.
             The game lasted 00:06:35 (945 turns).

Toastz the Skirmisher (Palentonga Fighter)           Turns: 945, Time: 00:06:35

Health: -1/33      AC:  6    Str: 20    XL:     3   Next: 8%
Magic:  3/3        EV:  5    Int:  8    God:
Gold:   31         SH:  8    Dex:  9    Spells: 2/2 levels left

rFire    . . .     SeeInvis +   a - +0 war axe
rCold    . . .     Faith    .   c - +0 kite shield
rNeg     . . .     Spirit   .   b - +0 scale mail
rPois    .         Reflect  .   (no helmet)
rElec    .         Harm     .   (no cloak)
rCorr    .         Rampage  .   (no gloves)
Will     .....                  (no barding)
Stlth    ..........             (no amulet)
HPRegen  0.11/turn              (no ring)
MPRegen  0.08/turn              (no ring)

@: lethally poisoned (-1 -> -6)
A: large, rugged brown scales 3, see invisible, deformed body, roll 1, armoured
tail
a: Rolling Charge


You were on level 2 of the Dungeon.
You visited 1 branch of the dungeon, and saw 2 of its levels.

You collected 31 gold pieces.

Inventory:

Hand Weapons
 a - a +0 war axe (weapon)
Missiles
 h - 33 stones (quivered)
Armour
 b - a +0 scale mail (worn)
 c - a +0 kite shield (worn)
Scrolls
 e - a scroll of remove curse
 g - a scroll of magic mapping {unknown}
 i - a scroll of enchant armour {unknown}
 j - a scroll of teleportation {unknown}
Potions
 d - a potion of might


   Skills:
 + Level 3.3 Fighting
 + Level 2.4 Axes
 - Level 2.4 Armour
 + Level 0.8 Dodging
 + Level 2.7 Shields


You had 2 spell levels left.
You didn't know any spells.
Your spell library was empty.

Dungeon Overview and Level Annotations

Branches:
Dungeon (2/15)

Altars:


Innate Abilities, Weirdness & Mutations

You are completely covered in rugged brown scales. (AC +3, +7% HP)
You have supernaturally acute eyesight. (SInv)
Armour fits poorly on your strangely shaped body.
You can roll at nearby foes to attack.
You have a long armoured tail.


Message History

* * * LOW HITPOINT WARNING * * *
You block the gnoll's attack.
Your shield and scale mail prevent you from hitting the gnoll.
You hit the adder.
* * * LOW HITPOINT WARNING * * *
You feel sick. You block the adder's attack. The gnoll hits you with a +0 whip.
* * * LOW HITPOINT WARNING * * *
A rat comes into view.
The gnoll hits you but does no damage. You block the adder's attack.
The gnoll completely misses you.
It was a potion of cancellation.
You feel magically purged.
* * * LOW HITPOINT WARNING * * *
You feel sick. You block the gnoll's attack.
The adder bites you but does no damage. The gnoll hits you but does no damage.
The gnoll barely misses you.
As you read the scroll labelled DEGIEH YZITTOMN, it crumbles to dust.
You feel blessed for a moment.
It was a scroll of remove curse.
You block the adder's attack.
The gnoll hits you from afar with a +0 spear.
You die...

.(.... ..... ...
####.# #....# # #.
#....#.# #.
#.gg...#
#.########Sgg...#
#..........@....#
#.............#.#
#.........#####...
#.#...r............
#.......########...
###.###.# #.#<#.#
#.#.#.# #...#.#


You could see 4 gnolls, an adder and a rat.

Vanquished Creatures
  2 dart slugs (D:1)
  A leopard gecko (D:1)
  5 bats (D:1)
  3 giant cockroaches (D:1)
  4 goblins (D:1)
  2 hobgoblins
  3 frilled lizards (D:1)
  3 kobolds (D:1)
  3 rats (D:1)
26 creatures vanquished.

Notes
Turn   | Place    | Note
-------+----------+-------------------------------------------
     0 | D:1      | Toastz the Palentonga Fighter began the quest for the Orb.
     0 | D:1      | Reached XP level 1. HP: 20/20 MP: 1/1
   160 | D:1      | Reached XP level 2. HP: 23/27 MP: 2/2
   771 | D:1      | Reached XP level 3. HP: 27/33 MP: 3/3
   945 | D:2      | Slain by a gnoll

Illustrated notes

Levels and vault maps discovered:
D:1:      eino_arrival_cavern_a, layout_basic
D:2:      layout_basic, nicolae_tso_swordbearing_angel

Action                   || total
-------------------------++-------
Melee: War axe           ||    72
       Tailslap          ||     7
Throw: Stone             ||     3
 Abil: Rolling Charge    ||    14
  Use: Scroll            ||     1
       Potion            ||     1
Armor: Scale mail        ||    46
Dodge: Dodged            ||    21
Block: Kite shield       ||    38

Table legend: (Time is in decaauts)
 A = Elapsed time spent in this place.
 B = Non-inter-level travel time spent in this place.
 C = Inter-level travel time spent in this place.
 D = Time resting spent in this place.
 E = Time spent auto-exploring this place.
 F = Levels seen in this place.
 G = Mean time per level.
                   A        B        C        D        E       F      G
               +--------+--------+--------+--------+--------+-----+--------+
         Total |    989 |    924 |     65 |    115 |    640 |   2 |  494.5 |
       Dungeon |    989 |    924 |     65 |    115 |    640 |   2 |  494.5 |
               +--------+--------+--------+--------+--------+-----+--------+

Top non-repeatable levels by time:
     D:1: 954 daAuts
     D:2: 34 daAuts
